Map: Dusk Towers

Players

iAsonu

  • Race: Zerg Zerg

Elazer - Winner!

  • Race: Zerg Zerg

Event: 2016 WCS Winter Circuit Championship

VOD

Have the link to the VOD?

Description

Time

  • Played on: March 4, 2016, 9:18 a.m.
  • Length: 10:21

All games in this series

Show
View Real Time Build Order
Export as new Build Order

iAsonu Zerg 

Build Orders: Pool First, Zergling Baneling 

Get SALT Encoding   

  12  0:01  Drone  
  13  0:13  Overlord  
  13  0:17  Drone  
  14  0:31  Drone x2  
  16  0:35  Drone  
  17  0:45  Extractor  
  17  0:47  Spawning Pool  
  15  0:50  Drone  
  15  0:56  Drone  
  17  1:07  Drone  
  18  1:20  Hatchery  
  17  1:29  Drone  
  18  1:33  Queen  
  20  1:45  Metabolic Boost  
  20  1:47  Overlord  
  20  1:54  Zergling x2  
  21  2:09  Baneling Nest, Zergling x2  
  21  2:11  Queen  
  21  2:15  Zergling x2  
  24  2:23  Overlord  
  24  2:25  Zergling x2  
  25  2:33  Zergling x2  
  25  2:34  Zergling x2  
  27  2:41  Zergling x6  
  30  2:46  Zergling x2  
  31  2:51  Zergling x2  
  31  2:56  Zergling x4  
  34  2:59  Baneling x2  
  34  3:08  Overlord  
  34  3:11  Zergling x2  
  35  3:17  Zergling x2  
  36  3:23  Baneling x2  
  36  3:24  Zergling x4  
  37  3:27  Zergling x2  
  38  3:37  Drone  
  36  3:42  Drone  
  36  3:48  Drone  
  35  3:49  Zergling x2  
  35  3:51  Zergling x4  
  35  3:52  Drone  
  35  3:54  Drone  
  37  3:58  Drone  
  37  4:00  Drone  
  37  4:02  Drone  
  39  4:06  Drone  
  39  4:09  Baneling x2  
  40  4:13  Drone  
  40  4:15  Drone  
  42  4:18  Drone  
  42  4:23  Drone  
  44  4:24  Drone  
  44  4:26  Drone  
  44  4:27  Drone  
  47  4:31  Baneling x2  
  47  4:34  Drone x2  
  49  4:40  Drone  
  49  4:43  Drone  
  49  4:47  Drone  
  49  4:48  Drone  
  49  4:52  Roach Warren  
  49  5:01  Roach Warren  
  49  5:02  Extractor, Drone  
  49  5:03  Drone  
  49  5:04  Hatchery  
  49  5:05  Drone  
  49  5:08  Drone  
  49  5:09  Drone  
  49  5:13  Overlord  
  51  5:16  Overlord  
  51  5:20  Overlord  
  51  5:25  Evolution Chamber  
  51  5:26  Lair  
  50  5:31  Overlord  
  50  5:32  Drone  
  50  5:34  Drone  
  50  5:35  Extractor  
  51  5:36  Drone  
  51  5:37  Drone  
  51  5:39  Drone  
  51  5:40  Drone  
  51  5:42  Drone  
  56  5:44  Drone  
  56  5:46  Drone  
  56  5:47  Drone  
  56  5:49  Extractor  
  58  5:51  Zerg Missile Weapons Level 1  
  58  5:54  Drone  
  58  5:56  Drone x2  
  61  5:59  Overlord  
  61  6:06  Overlord  
  61  6:07  Overlord  
  60  6:17  Queen  
  60  6:18  Drone x2  
  64  6:19  Drone x2  
  64  6:23  Glial Reconstitution, Overlord  
  64  6:25  Drone x2  
  68  6:27  Overseer  
  68  6:33  Drone  
  68  6:34  Drone x2  
  68  6:35  Drone  
  68  6:36  Drone  
  68  6:37  Pneumatized Carapace  
  68  6:39  Drone x2  
  75  6:43  Drone x2  
  75  6:45  Extractor  
  75  6:46  Roach  
  78  6:47  Roach  
  78  6:49  Roach  
  78  6:51  Roach  
  78  6:54  Roach x2  
  88  6:56  Roach  
  88  7:01  Roach  
  92  7:03  Roach  
  92  7:05  Roach  
  92  7:07  Extractor  
  95  7:10  Roach  
  95  7:11  Drone  
  95  7:14  Roach x5  
  108  7:15  Drone  
  108  7:16  Overseer  
  108  7:18  Overlord  
  108  7:22  Evolution Chamber  
  108  7:25  Roach  
  108  7:29  Spore Crawler  
  109  7:31  Spore Crawler  
  109  7:32  Roach x3  
  109  7:34  Overlord  
  114  7:38  Overlord  
  114  7:40  Roach x3  
  118  7:45  Overlord  
  118  7:47  Tunneling Claws  
  118  7:48  Drone  
  118  7:50  Zerg Missile Weapons Level 2  
  119  7:54  Zerg Ground Armor Level 1  
  119  7:55  Roach  
  120  7:59  Overlord  
  120  8:04  Roach  
  120  8:05  Roach x3  
  128  8:10  Roach  
  128  8:11  Roach x2  
  134  8:19  Roach  
  136  8:24  Ravager  
  136  8:25  Overlord, Ravager x5  
  142  8:29  Overlord  
  142  8:35  Overlord  
  142  8:37  Roach x5  
  142  8:38  Overlord  
  152  8:41  Hatchery  
  152  8:46  Overlord  
  147  8:49  Roach x3  
  149  9:00  Roach x6  
  157  9:03  Queen  
  157  9:08  Roach  
  157  9:09  Roach  
  161  9:21  Roach x6  
  167  9:32  Roach x6  
  153  9:46  Roach x3  
  153  9:47  Roach x3  
  130  9:53  Roach x3  
  130  9:57  Roach  
  132  10:00  Roach  
Show
View Real Time Build Order
Export as new Build Order

Elazer Zerg - Winner!

Build Orders: Hatch First 

Get SALT Encoding   

  12  0:00  Drone  
  13  0:12  Overlord  
  13  0:17  Drone  
  14  0:31  Drone x2  
  14  0:35  Drone  
  17  0:51  Hatchery  
  17  0:54  Drone  
  17  0:57  Drone  
  18  1:08  Extractor  
  17  1:12  Spawning Pool  
  17  1:15  Drone  
  17  1:18  Drone  
  18  1:28  Drone  
  19  1:39  Overlord  
  19  1:51  Drone  
  20  1:58  Queen  
  20  2:00  Zergling x2  
  23  2:03  Queen  
  23  2:04  Drone  
  23  2:07  Metabolic Boost  
  26  2:11  Drone  
  26  2:14  Drone  
  28  2:25  Drone x2  
  30  2:35  Hatchery  
  29  2:39  Queen  
  31  2:45  Zergling x2  
  31  2:47  Overlord  
  31  2:50  Drone x2  
  35  2:58  Drone x2  
  35  3:09  Zergling x8  
  39  3:13  Zergling x6  
  39  3:14  Zergling x2  
  43  3:23  Queen  
  43  3:26  Spine Crawler  
  43  3:31  Roach Warren  
  43  3:36  Zergling x6  
  43  3:42  Overlord x2  
  38  3:48  Zergling x2  
  38  3:49  Zergling x6  
  38  3:53  Zergling x2  
  43  4:06  Drone x2  
  45  4:11  Drone  
  45  4:16  Overlord  
  46  4:19  Hatchery  
  46  4:20  Extractor  
  48  4:24  Roach x2  
  47  4:33  Drone x4  
  51  4:42  Roach x3  
  53  4:48  Roach  
  53  4:50  Overlord  
  53  4:51  Drone  
  55  5:01  Drone x2  
  55  5:03  Drone x2, Evolution Chamber  
  55  5:04  Drone  
  55  5:06  Drone  
  60  5:11  Overlord  
  60  5:12  Drone x2  
  62  5:15  Drone  
  62  5:16  Lair  
  62  5:20  Extractor  
  62  5:21  Overlord  
  62  5:22  Drone  
  63  5:31  Drone x2  
  65  5:37  Overlord  
  65  5:38  Drone  
  65  5:42  Drone x2  
  67  5:43  Drone x5  
  71  5:50  Zerg Missile Weapons Level 1  
  71  5:51  Overlord  
  71  5:52  Drone  
  72  6:00  Roach  
  72  6:03  Roach x2  
  78  6:05  Pneumatized Carapace  
  78  6:11  Overlord  
  78  6:12  Extractor  
  78  6:14  Drone x9  
  78  6:16  Glial Reconstitution  
  86  6:19  Extractor  
  86  6:20  Drone x2  
  86  6:24  Overlord  
  87  6:31  Overlord  
  87  6:35  Roach x2  
  87  6:38  Overlord  
  87  6:39  Drone  
  92  6:40  Roach x4  
  92  6:43  Overseer  
  100  6:48  Drone x2  
  100  6:49  Extractor  
  100  6:50  Drone x2  
  100  6:51  Drone  
  100  6:53  Drone  
  105  6:57  Overlord  
  105  6:59  Roach  
  107  7:06  Roach x4  
  115  7:16  Roach x6  
  115  7:20  Ravager x3  
  130  7:24  Overlord  
  130  7:25  Hatchery  
  130  7:26  Ravager  
  130  7:32  Overlord  
  130  7:33  Roach x4  
  138  7:40  Roach x4  
  146  7:50  Hydralisk Den  
  145  7:53  Zerg Missile Weapons Level 2  
  145  7:54  Drone x3  
  145  7:55  Drone  
  150  7:58  Drone x2  
  150  8:01  Overlord  
  151  8:08  Roach  
  151  8:09  Roach x6  
  151  8:10  Extractor  
  164  8:14  Extractor  
  163  8:23  Lurker Den, Hydralisk  
  163  8:24  Hydralisk x2  
  169  8:35  Hydralisk  
  169  8:36  Hydralisk x3  
  177  8:45  Hydralisk  
  177  8:46  Hydralisk x2  
  177  8:47  Overlord x2  
  175  8:59  Hydralisk x4  
  175  9:01  Overlord  
  181  9:03  Infestation Pit  
  181  9:08  Roach  
  181  9:09  Roach x7  
  192  9:32  Roach x4  
  192  9:37  Roach x2  
  200  9:43  Roach  
  200  9:44  Roach x8  
  198  9:48  Roach x3  
  198  9:49  Roach  
  198  10:04  Ravager  
  193  10:08  Hatchery  
Tags
 
Add a new tag
Caveats
  • Supply blocks, unpowered buildings, or Contaminate may cause inaccurate times.
  • Supply counts are checked every 10 seconds.